 Dungeon Crawl Stone Soup version 0.29.1-2-gbd0b4ee654 (webtiles) character file.

Game seed: 7153853685923989031

413 safid the Shooter (level 6, -1/57 HPs)
             Began as a Minotaur Hunter on Nov 28, 2022.
             Succumbed to a killer bee's poison
             ... on level 4 of the Dungeon.
             The game lasted 00:03:01 (2095 turns).

safid the Shooter (Minotaur Hunter)                 Turns: 2095, Time: 00:03:02

Health: -1/57      AC:  5    Str: 10    XL:     6   Next: 59%
Magic:  14/14      EV: 12    Int:  6    God:
Gold:   129        SH:  0    Dex: 20    Spells: 5/5 levels left

rFire   . . .      SeeInvis .   q - +1 sling of the Glowing Asp {venom, rC+ rN+ MP+9 Str-5}
rCold   + . .      Faith    .   (no shield)
rNeg    + . .      Spirit   .   w - +1 leather armour of Ru's Regard {Regen+ rCorr Dex+4}
rPois   .          Reflect  .   (helmet restricted)
rElec   .          Harm     .   (no cloak)
rCorr   +          Rampage  .   (no gloves)
Will    .....                   k - +0 pair of boots
Stlth   ++........              (no amulet)
HPRegen 0.99/turn               (no ring)
MPRegen 0.14/turn               (no ring)

@: mighty, brilliant, lethally poisoned (-1 -> -5)
A: horns 2, retaliatory headbutt
a: no special abilities


You were on level 4 of the Dungeon.
You visited 1 branch of the dungeon, and saw 4 of its levels.

You collected 129 gold pieces.

Inventory:

Hand Weapons
 a - a +0 shortbow
 q - the +1 sling of the Glowing Asp (weapon) {venom, rC+ rN+ MP+9 Str-5}
   (You found it on level 2 of the Dungeon)

   Any ammunition fired from it poisons the flesh of those it strikes.
   Str:       It affects your strength (-5).
   rC:        It protects you from cold.
   rN:        It protects you from negative energy.
   MP:        It affects your magic capacity (+9).
Missiles
 v - a throwing net
Armour
 k - a +0 pair of boots (worn)
 w - the +1 leather armour of Ru's Regard (worn) {Regen+ rCorr Dex+4}
   (You found it on level 3 of the Dungeon)

   Dex:       It affects your dexterity (+4).
   Regen:     It increases your rate of health regeneration.
   rCorr:     It protects you from acid and corrosion.
Scrolls
 d - a scroll of noise {unknown}
 e - 3 scrolls of teleportation {unknown}
 f - 6 scrolls of identify {unknown}
 g - a scroll of summoning {unknown}
 i - a scroll of silence {unknown}
 l - 2 scrolls of poison {unknown}
 m - a scroll of enchant weapon {unknown}
 p - a scroll of butterflies {unknown}
 s - a scroll of fear {unknown}
Potions
 b - a potion of curing {unknown}
 h - a potion of berserk rage {unknown}
 n - a potion of degeneration {unknown}
 r - a potion of attraction {unknown}
 t - a potion of ambrosia {unknown}
 u - a potion of haste {unknown}


   Skills:
 + Level 6.2 Fighting
 + Level 6.9 Ranged Weapons
 - Level 2.1 Dodging
 - Level 0.7 Stealth


You had 5 spell levels left.
You didn't know any spells.
Your spell library contained the following spells:

 Spells                   Type           Power      Damage    Failure   Level
 Foxfire                  Conj/Fire      0%         2x1d4     56%         1
 Conjure Flame            Conj/Fire      0%         6-21      90%         3
 Dazzling Flash           Conj/Hex       0%         N/A       90%         3
 Inner Flame              Hex/Fire       0%         N/A       90%         3
 Flame Wave               Conj/Fire      0%         2d4       100%        4
 Agony                    Necr           0%         N/A       100%        5
 Silence                  Hex/Air        0%         N/A       100%        5


Dungeon Overview and Level Annotations

Branches:
Dungeon (4/15)
 Temple: D:4-7

Altars:


Innate Abilities, Weirdness & Mutations

You have a pair of horns on your head.
You reflexively headbutt those who attack you in melee.


Message History

Press: ? - help, Q - select action, (/) - cycle Shift-Dir - straight line, f/p - killer bee
Aim: a killer bee (42% to hit)
You shoot a sling bullet. The sling bullet misses the killer bee.
The sling bullet closely misses the killer bee.
You feel very sick. The killer bee barely misses you. You furiously retaliate!
You headbutt the killer bee! The killer bee closely misses you.
Fire: q) +1 sling of the Glowing Asp {venom, rC+ rN+ MP+9 Str-5}
Press: ? - help, Q - select action, (/) - cycle Shift-Dir - straight line, f/p - killer bee
Aim: a killer bee (almost dead, 42% to hit)
You shoot a sling bullet.
The sling bullet completely misses the killer bee.
The sling bullet hits the killer bee!
The killer bee is poisoned.
The killer bee is heavily wounded.
You feel sick. The killer bee misses you. The killer bee barely misses you.
Unknown command.
Fire: q) +1 sling of the Glowing Asp {venom, rC+ rN+ MP+9 Str-5}
Press: ? - help, Q - select action, (/) - cycle Shift-Dir - straight line, f/p - killer bee
Aim: a killer bee (almost dead, 42% to hit)
You shoot a sling bullet. The sling bullet hits the killer bee!
You kill the killer bee!
You feel sick.
You kill the killer bee!
The killer bee stings you.
* * * LOW HITPOINT WARNING * * *
The killer bee barely misses you. You furiously retaliate!
You headbutt the killer bee!
Your Fighting skill increases to level 6!
Fire: q) +1 sling of the Glowing Asp {venom, rC+ rN+ MP+9 Str-5}
Press: ? - help, Q - select action, (/) - cycle Shift-Dir - straight line, f - killer bee
Aim: a killer bee (heavily wounded, 44% to hit)
You shoot a sling bullet. The sling bullet hits the killer bee!
You kill the killer bee!
You feel sick. The killer bee stings you.
* * * LOW HITPOINT WARNING * * *
You are lethally poisoned!
The killer bee poisons you!
It was a potion of brilliance.
You feel clever all of a sudden.
You die...

#. ##. ##.. ##..
#.†# #..# #g†#
##y## ##@## ##.##
##.## ###.##
#...# ###
#.)######.#
##....))..#
#######).#####..#
##.<....#


You could see a killer bee and a goblin.

Vanquished Creatures
  5 killer bees (D:4)
  An orc priest (D:4)
  An iguana (D:4)
  3 gnolls (D:3)
  5 adders
  A worm (D:3)
  A dart slug (D:1)
  4 orcs
  9 endoplasms
  2 giant cockroaches (D:1)
  2 goblins
  5 hobgoblins (D:1)
  6 jackals (D:1)
  3 quokkas
  4 ball pythons
  7 bats
  3 frilled lizards
  5 kobolds
  3 rats (D:1)
70 creatures vanquished.

Notes
Turn   | Place    | Note
-------+----------+-------------------------------------------
     0 | D:1      | safid the Minotaur Hunter began the quest for the Orb.
     0 | D:1      | Reached XP level 1. HP: 18/18 MP: 0/0
   110 | D:1      | Reached XP level 2. HP: 25/25 MP: 1/1
   392 | D:1      | Reached skill level 5 in Ranged Weapons
   392 | D:1      | Reached XP level 3. HP: 31/31 MP: 2/2
   976 | D:2      | Identified the +1 sling of the Glowing Asp {venom, rC+ rN+
                  | MP+9 Str-5}
  1423 | D:3      | Reached XP level 4. HP: 36/40 MP: 3/3
  1684 | D:3      | Noticed a floating eye
  1686 | D:3      | Found a faded altar of an unknown god.
  1688 | D:3      | Noticed a floating eye
  1688 | D:3      | Noticed a shining eye
  1688 | D:3      | Noticed a golden eye
  1741 | D:3      | Reached XP level 5. HP: 47/47 MP: 4/4
  1757 | D:3      | Identified the +1 leather armour of Ru's Regard {Regen+
                  | rCorr Dex+4}
  2046 | D:4      | Reached skill level 5 in Fighting
  2086 | D:4      | Reached XP level 6. HP: 43/57 MP: 5/5
  2094 | D:4      | HP: 1/57 [killer bee (6)]
  2095 | D:4      | Succumbed to a killer bee's poison

Illustrated notes

Levels and vault maps discovered:
D:1:      dpeg_arrival_round_c, layout_basic
D:2:      minmay_wonky_spiral, layout_rooms
D:3:      layout_loops_cross, hellmonk_ecumenical_altar_watching_god
D:4:      layout_layer_cave, serial_rivers, chequers_serial_rivers_micro_a,
          chequers_serial_rivers_micro_d, chequers_serial_rivers_room_b,
          chequers_serial_rivers_large_a, chequers_serial_rivers_small_b,
          chequers_serial_rivers_room_b

Skill      XL: |  1  2  3  4  5  6 |
---------------+-------------------+-----
Fighting       | 3 4 5 6 |  6.2
Ranged Weapons | 5 6 |  6.9
Dodging        | |  2.1
Stealth        | |  0.7

Action                   |  1- 3 |  4- 6 || total
-------------------------+-------+-------++-------
 Fire: Shortbow          |    92 |       ||    92
       Sling             |     9 |    61 ||    70
  Use: Potion            |       |     2 ||     2
Armor: Leather armour    |     5 |     5 ||    10
Dodge: Dodged            |    16 |    22 ||    38
